 Dungeon Sprint DCSS version 0.17-a0-1646-geb1493d (webtiles) character file.

117878 Kidiri the Imperceptible (level 15, -4/63 HPs)
             Began as a Spriggan Enchanter on Aug 11, 2015.
             Was the Champion of Dithmenos.
             Slain by a reaper
             ... wielding a +4 scythe of venom
             ... summoned by a greater mummy's death curse
              (42 damage)
             ... in the Dungeon (Sprint III: "The Ten Rune Challenge").
             The game lasted 00:55:44 (10674 turns).

Kidiri the Imperceptible (Spriggan Enchanter)      Turns: 10674, Time: 00:55:44

Health: -4/63      AC:  8    Str:  4      XL:     15   Next: 50%
Magic:  23/37      EV: 39    Int: 18 (20) God:    Dithmenos [******]
Gold:   1538       SH:  0    Dex: 20      Spells: 10 memorised, 18 levels left

rFire  + . .     SeeInvis +     n - +4 rapier (vamp)
rCold  . . .     Clarity  +     c - +2 robe {rF+}
rNeg   . . .     SustAt   .     (shield restricted)
rPois  .         Gourm    .     d - +1 hat {SInv}
rElec  .         Spirit   .     k - +0 cloak
rCorr  .         Warding  .     (gloves unavailable)
rMut   .         NoTele   +     (boots unavailable)
MR     ++...                    (no amulet)
Stlth  ++++++++++               (no ring)
                                (no ring)

@: very slightly contaminated, slowed, wreathed by umbra, drained, quick, very
resistant to hostile enchantments, uncannily stealthy
A: unfitting armour, horns 1, talons 1, yellow scales 1, see invisible, clarity,
herbivore 3, speed 3, low mp 1, slow metabolism 2
a: Shadow Step, Shadow Form, Renounce Religion
}: 2/10 runes: serpentine, barnacled


You were in the Dungeon.
You worshipped Dithmenos.
Dithmenos was exalted by your worship.
You were full.

You visited 1 branch You collected 1538 gold pieces.

Inventory:

Hand weapons
 n - a +4 vampiric rapier (weapon)
Missiles
 b - 17 throwing nets (quivered)
Armour
 c - a +2 robe of fire resistance (worn)
 d - a +1 hat of see invisible (worn)
 k - a +0 cloak (worn)
Magical devices
 f - a wand of enslavement (7)
 t - a wand of confusion (26)
Scrolls
 o - 3 scrolls of remove curse
 r - a scroll of torment
 x - a scroll of recharging
Potions
 e - a potion of curing
 g - a potion of haste
 h - 3 potions of magic
 i - 2 potions of berserk rage
 j - a potion of resistance
 l - a potion of agility
 q - 3 potions of cure mutation
 s - 2 potions of might
Comestibles
 p - 22 royal jellies
 u - 4 fruits


   Skills:
 + Level 14.7(13.8) Short Blades
 * Level 24.5(23.4) Dodging
 * Level 26.3(25.2) Stealth
 + Level 7.2(6.4) Unarmed Combat
 * Level 21.2(20.1) Spellcasting
 + Level 10.6(9.8) Conjurations
 + Level 16.1(15.2) Hexes
 + Level 16.1(15.2) Transmutations
 + Level 11.5(10.6) Ice Magic
 + Level 12.1(11.3) Earth Magic
 - Level 5.0(4.3) Invocations


You had 18 spell levels left.
You knew the following spells:

 Your Spells              Type           Power        Failure   Level  Hunger
a - Corona                Hex            ######.      0%          1    None
b - Ensorcelled Hibernat  Hex/Ice        ######       1%          2    None
c - Confuse               Hex            ######..     0%          3    None
d - Tukima's Dance        Hex            ######..     0%          3    None
e - Dazzling Spray        Conj/Hex       ######..     1%          3    None
f - Stoneskin             Trmt/Erth      ######..     1%          2    None
g - Irradiate             Conj/Trmt      ######....   1%          5    ##.....
h - Hydra Form            Trmt           ######....   1%          6    ####...
i - Statue Form           Trmt/Erth      ######...    1%          6    ####...
j - Dragon Form           Trmt           ######....   6%          7    ######.


Dungeon Overview and Level Annotations

Branches:
Dungeon (1/1)

Altars:
Cheibriados
Dithmenos
Elyvilon
Fedhas
Gozag
Kikubaaqudgha
Makhleb
Nemelex Xobeh
Okawaru
Qazlal
Ru
Sif Muna
Trog
Vehumet
Xom
Yredelemnul
Zin
The Shining One
Jiyva
Lugonu

Shops:
D [!=!}[(

Annotations:
D exclusion: 2 obsidian statues


Innate Abilities, Weirdness & Mutations

You are tiny and cannot use many weapons and most armour.
You have supernaturally acute eyesight.
You are a herbivore.
You cover ground extremely quickly.
You need consume almost no food.
You have a pair of small horns on your head.
You have sharp toenails.
You are partially covered in yellow scales (AC +2).
You possess an exceptional clarity of mind.
Your magical capacity is low (-10% MP).


Message History

The shadow slips into darkness.
The shadow flickers and vanishes for a moment.
The reaper is lost in a daze.
Unknown command.
You closely miss the guardian mummy.
The guardian mummy is almost destroyed.
The guardian mummy is lost in a daze.
The guardian mummy completely misses you.
The shadow avoids a huge, swinging blade.
Unknown command.
You hit the guardian mummy but do no damage.
Your kick misses the guardian mummy.
The guardian mummy is almost destroyed.
The shadow completely misses you.
You closely miss the guardian mummy. You claw the guardian mummy.
Your headbutt misses the guardian mummy.
The guardian mummy is almost destroyed.
The reaper hits you from afar with a scythe of venom!!!
Ouch! That really hurt!
You die...

▓'▓▓▓▓▓▓▓▓▓▓▓▓▓▓▓▓▓
▓..#.......^......#
▓..#...........^..#
▓^.#..##########..#
▓..#..#^....}|?#..#
▓..#..#.....=)|#..#
▓..#..#.W2..):=#..#
▓..#.^#WM.M.φ[:#.^#
▓..#..#@########^^#
▓..#..#...........#
▓..'..#...........#
▓##################


You could see a reaper (dazed), 2 guardian mummies and 2 shadows.

Vanquished Creatures
  2 greater mummies (D)
  Frederick (D)
  Sigmund (D)
  Rupert (D)
  A lich (D)
  A kraken (D)
  Gastronok (D)
  Chuck (D)
  2 sphinxes (D)
  2 shadow dragons (D)
  A greater naga (D)
  Maud (D)
  4 vampire knights (D)
  2 dire elephants (D)
  9 mummy priests (D)
  A fire dragon (D)
  A yaktaur captain (D)
  An ogre mage (D)
  2 hydras (D)
  2 centaur warriors (D)
  A naga warrior (D)
  2 alligator snapping turtles (D)
  Erolcha (D)
  4 dancing weapons (D)
  4 anacondas (D)
  4 death yaks (D)
  2 skeletal warriors (D)
  A death drake (D)
  A spriggan druid (D)
  2 deep elf summoners (D)
  A lindwurm (D)
  An anubis guard (shapeshifter) (D)
  2 lindwurms (shapeshifter) (D)
  2 ugly things (D)
  A mana viper (shapeshifter) (D)
  2 elephants (D)
  2 spiny frogs (D)
  A torpor snail (shapeshifter) (D)
  11 black mambas (D)
  Edmund (D)
  A guardian serpent (D)
  A fire drake (D)
  A komodo dragon (D)
  4 deep elf priests (D)
  3 wandering mushrooms (D)
  16 guardian mummies (D)
  4 spriggan defenders (D)
  A queen bee (D)
  2 orc high priests (D)
  6 slime creatures (D)
  2 trapdoor spiders (D)
  A redback (shapeshifter) (D)
  8 blink frogs (D)
  4 redbacks (D)
  4 snapping turtles (D)
  2 spriggans (D)
  A shadow (D)
  2 hill giants (D)
  2 nagas (D)
  A spatial vortex (D)
  2 orc warriors (D)
  A swamp drake (D)
  5 water moccasins (D)
  A necrophage (D)
  2 brain worms (D)
  3 two-headed ogres (D)
  A water elemental (D)
  32 killer bees (D)
  4 orc priests (D)
  A jelly (D)
  An electric eel (D)
  Crazy Yiuf (D)
  6 necromancers (D)
  A wizard (D)
  An orc wizard (D)
  3 humans (D)
  A kobold demonologist (D)
  4 adders (D)
  An ooze (D)
  An adder zombie (D)
  13 orcs (D)
  A giant gecko simulacrum (D)
  A jackal zombie (D)
  3 rats (D)
  A fungus (D)
  2 plants (D)
242 creatures vanquished.

Vanquished Creatures (others)
  2 draconian scorchers (D)
  3 yaktaurs (D)
  A guardian mummy (D)
  A bush (D)
  2 fungi (D)
  11 plants (D)
  9 tentacles (D)
  171 tentacle segments (D)
200 creatures vanquished.

Grand Total: 442 creatures vanquished

Notes
Turn   | Place    | Note
--------------------------------------------------------------
     0 | D        | Kidiri the Spriggan Enchanter began the quest for the Orb.
     0 | D        | Reached XP level 1. HP: 9/9 MP: 5/5
     9 | D        | Reached skill level 5 in Stealth
    66 | D        | Noticed Crazy Yiuf
    69 | D        | Killed Crazy Yiuf
    69 | D        | Reached skill level 5 in Dodging
    69 | D        | Reached skill level 6 in Stealth
    69 | D        | Reached XP level 2. HP: 13/13 MP: 6/8
    69 | D        | Reached XP level 3. HP: 16/16 MP: 6/9
    84 | D        | Learned a level 2 spell: Ensorcelled Hibernation
    87 | D        | Reached skill level 7 in Stealth
    92 | D        | Learned a level 3 spell: Confuse
    96 | D        | Learned a level 3 spell: Tukima's Dance
   136 | D        | Gained mutation: You can breathe flames. [potion of mutation]
   136 | D        | Gained mutation: Your spells are a little harder to cast, but a little more powerful. [potion of mutation]
   136 | D        | Gained mutation: You are partially covered in yellow scales (AC +2). [potion of mutation]
   137 | D        | Lost mutation: You can breathe flames. [potion of mutation]
   137 | D        | Gained mutation: You possess an exceptional clarity of mind. [potion of mutation]
   137 | D        | Lost mutation: Your spells are a little harder to cast, but a little more powerful. [potion of mutation]
   138 | D        | Gained mutation: Your magical capacity is low (-10% MP). [potion of mutation]
   138 | D        | Gained mutation: You have a pair of small horns on your head. [potion of mutation]
   138 | D        | Gained mutation: You have sharp toenails. [potion of mutation]
   170 | D        | Noticed a water elemental
   173 | D        | Killed a water elemental
   173 | D        | Reached skill level 8 in Stealth
   173 | D        | Reached skill level 5 in Spellcasting
   173 | D        | Reached skill level 5 in Hexes
   173 | D        | Reached skill level 1 in Ice Magic
   173 | D        | Reached XP level 4. HP: 21/21 MP: 9/11
   178 | D        | Learned a level 3 spell: Dazzling Spray
   187 | D        | Noticed a jelly
   188 | D        | Noticed a shadow
   190 | D        | Killed a shadow
   190 | D        | Reached skill level 10 in Stealth
   190 | D        | Reached skill level 1 in Conjurations
   190 | D        | Reached XP level 5. HP: 24/24 MP: 11/14
   194 | D        | Killed a jelly
   194 | D        | Reached XP level 6. HP: 28/28 MP: 11/15
   205 | D        | Killed a yaktaur
   210 | D        | Killed a yaktaur
   218 | D        | Found a stormy altar of Qazlal.
   218 | D        | Noticed a spatial vortex
   219 | D        | Found a sacrificial altar of Ru.
   219 | D        | Found a burning altar of Makhleb.
   219 | D        | Found a viscous altar of Jiyva.
   219 | D        | Found a shimmering altar of Xom.
   219 | D        | Found a shadowy altar of Dithmenos.
   219 | D        | Found a sparkling altar of Nemelex Xobeh.
   219 | D        | Found a corrupted altar of Lugonu.
   219 | D        | Found an opulent altar of Gozag.
   223 | D        | Became a worshipper of Dithmenos the Shadowed
   228 | D        | Killed a white draconian scorcher
   247 | D        | Killed a spatial vortex
   247 | D        | Reached skill level 5 in Short Blades
   247 | D        | Reached skill level 1 in Invocations
   386 | D        | Killed a white draconian scorcher
   429 | D        | Found a radiant altar of Vehumet.
   430 | D        | Found a deep blue altar of Sif Muna.
   430 | D        | Found an ancient bone altar of Kikubaaqudgha.
   430 | D        | Noticed a wizard
   438 | D        | Noticed an orange demon
   448 | D        | Killed a wizard
   448 | D        | Reached skill level 11 in Stealth
   465 | D        | Learned a level 2 spell: Stoneskin
   471 | D        | Learned a level 5 spell: Irradiate
   535 | D        | Found a glowing silver altar of Zin.
   536 | D        | Found a glowing golden altar of the Shining One.
   536 | D        | Found a white marble altar of Elyvilon.
   536 | D        | Noticed a deep elf priest
   538 | D        | Killed a deep elf priest
   538 | D        | Reached skill level 10 in Dodging
   538 | D        | Reached skill level 1 in Earth Magic
   538 | D        | Reached XP level 7. HP: 32/32 MP: 16/18
   554 | D        | Found an iron altar of Okawaru.
   555 | D        | Found a bloodstained altar of Trog.
   555 | D        | Noticed a human
   555 | D        | Noticed a human
   557 | D        | Killed a human
   557 | D        | Reached skill level 12 in Stealth
   558 | D        | Killed a human
   573 | D        | Found a basalt altar of Yredelemnul.
   573 | D        | Found a snail-covered altar of Cheibriados.
   573 | D        | Found a blossoming altar of Fedhas.
   573 | D        | Noticed a necrophage
   573 | D        | Noticed a necromancer
   577 | D        | Killed a necromancer
   577 | D        | Acquired Dithmenos's first power
   590 | D        | Killed a necrophage
   590 | D        | Reached XP level 8. HP: 36/36 MP: 12/20
   599 | D        | Learned a level 6 spell: Hydra Form
   653 | D        | Noticed a two-headed ogre
   653 | D        | Noticed a two-headed ogre
   657 | D        | Killed a two-headed ogre
   659 | D        | Killed a two-headed ogre
   661 | D        | Noticed a two-headed ogre
   662 | D        | Killed a two-headed ogre
   662 | D        | Acquired Dithmenos's second power
   662 | D        | Reached skill level 10 in Spellcasting
   667 | D        | Noticed a hill giant
   670 | D        | Killed a hill giant
   670 | D        | Reached skill level 13 in Stealth
   675 | D        | Noticed a hill giant
   675 | D        | Noticed Erolcha
   677 | D        | Killed Erolcha
   677 | D        | Reached XP level 9. HP: 39/39 MP: 18/22
   678 | D        | Killed a hill giant
   678 | D        | Reached skill level 5 in Transmutations
   698 | D        | Noticed a redback
   765 | D        | Killed a redback
   765 | D        | Acquired Dithmenos's third power
   765 | D        | Reached skill level 14 in Stealth
   784 | D        | Noticed a trapdoor spider
   784 | D        | Noticed a trapdoor spider
   792 | D        | Killed a trapdoor spider
   794 | D        | Killed a trapdoor spider
   897 | D        | Noticed a killer bee
   897 | D        | Noticed a killer bee
   897 | D        | Noticed a killer bee
   897 | D        | Noticed a killer bee
   897 | D        | Noticed a killer bee
   897 | D        | Noticed a killer bee
   897 | D        | Noticed a killer bee
   897 | D        | Noticed a killer bee
   897 | D        | Noticed a killer bee
   897 | D        | Noticed a killer bee
   897 | D        | Noticed a killer bee
   897 | D        | Noticed a killer bee
   897 | D        | Noticed a killer bee
   897 | D        | Noticed a queen bee
   897 | D        | Noticed a killer bee
   898 | D        | Noticed a killer bee
   898 | D        | Noticed a killer bee
   898 | D        | Noticed a killer bee
   898 | D        | Noticed a killer bee
   898 | D        | Noticed a killer bee
   898 | D        | Noticed a killer bee
   898 | D        | Noticed a killer bee
   898 | D        | Noticed a killer bee
   898 | D        | Noticed a killer bee
   898 | D        | Noticed a killer bee
   898 | D        | Noticed a killer bee
   898 | D        | Noticed a killer bee
   898 | D        | Noticed a killer bee
   898 | D        | Noticed a killer bee
   898 | D        | Noticed a killer bee
   898 | D        | Noticed a killer bee
   898 | D        | Noticed a killer bee
   898 | D        | Noticed a killer bee
   901 | D        | Killed a killer bee
   903 | D        | Killed a killer bee
   905 | D        | Killed a killer bee
   911 | D        | Killed a killer bee
   911 | D        | Acquired Dithmenos's fourth power
   916 | D        | Killed a killer bee
   918 | D        | Killed a killer bee
   918 | D        | Reached skill level 5 in Invocations
   920 | D        | Killed a killer bee
  1051 | D        | Learned a level 6 spell: Statue Form
  1055 | D        | Killed a killer bee
  1058 | D        | Killed a killer bee
  1058 | D        | Reached skill level 5 in Ice Magic
  1060 | D        | Killed a killer bee
  1063 | D        | Killed a killer bee
  1065 | D        | Killed a killer bee
  1067 | D        | Killed a killer bee
  1069 | D        | Killed a killer bee
  1071 | D        | Killed a killer bee
  1071 | D        | Reached skill level 15 in Stealth
  1296 | D        | Killed a killer bee
  1298 | D        | Killed a killer bee
  1300 | D        | Killed a killer bee
  1302 | D        | Killed a killer bee
  1304 | D        | Killed a killer bee
  1306 | D        | Killed a killer bee
  1308 | D        | Killed a killer bee
  1310 | D        | Killed a killer bee
  1314 | D        | Killed a killer bee
  1316 | D        | Killed a killer bee
  1318 | D        | Killed a killer bee
  1320 | D        | Killed a killer bee
  1320 | D        | Reached XP level 10. HP: 30/44 MP: 0/24
  1460 | D        | Killed a killer bee
  1463 | D        | Killed a killer bee
  1465 | D        | Killed a killer bee
  1495 | D        | Killed a killer bee
  1498 | D        | Killed a queen bee
  1501 | D        | Killed a killer bee
  1541 | D        | Killed a yaktaur
  1652 | D        | Noticed Sigmund
  1653 | D        | Noticed Edmund
  1654 | D        | Killed Sigmund
  1654 | D        | Reached skill level 15 in Dodging
  1654 | D        | Reached skill level 17 in Stealth
  1654 | D        | Reached skill level 5 in Conjurations
  1654 | D        | Reached skill level 10 in Hexes
  1654 | D        | Reached skill level 5 in Earth Magic
  1657 | D        | Killed Edmund
  1657 | D        | Reached XP level 11. HP: 47/47 MP: 15/26
  1793 | D        | Noticed an orc priest
  1793 | D        | Noticed an orc high priest
  1794 | D        | Noticed an orc priest
  1794 | D        | Noticed an orc high priest
  1795 | D        | Killed an orc priest
  1802 | D        | Killed an orc priest
  1803 | D        | Killed an orc high priest
  1807 | D        | Killed an orc high priest
  2074 | D        | Noticed a wandering mushroom
  2075 | D        | Noticed a wandering mushroom
  2075 | D        | Noticed a wandering mushroom
  2076 | D        | Killed a wandering mushroom
  2079 | D        | Killed a wandering mushroom
  2080 | D        | Killed a wandering mushroom
  2134 | D        | Noticed a spiny frog
  2134 | D        | Noticed a komodo dragon
  2134 | D        | Noticed a spiny frog
  2137 | D        | Killed a spiny frog
  2139 | D        | Killed a spiny frog
  2142 | D        | Killed a komodo dragon
  2178 | D        | Noticed a redback
  2180 | D        | Killed a redback
  2181 | D        | Noticed a brain worm
  2184 | D        | Killed a brain worm
  2187 | D        | Noticed a brain worm
  2189 | D        | Killed a brain worm
  2194 | D        | Noticed a lindwurm
  2196 | D        | Noticed a redback
  2197 | D        | Killed a lindwurm
  2199 | D        | Killed a redback
  2208 | D        | Learned a level 7 spell: Dragon Form
  2211 | D        | Noticed a redback
  2212 | D        | Killed a redback
  2212 | D        | Reached skill level 18 in Stealth
  2213 | D        | Noticed Maud
  2216 | D        | Killed Maud
  2245 | D        | Noticed a swamp drake
  2245 | D        | Noticed a fire drake
  2246 | D        | Killed a fire drake
  2248 | D        | Killed a swamp drake
  2255 | D        | Noticed a blink frog
  2255 | D        | Noticed a blink frog
  2256 | D        | Noticed a blink frog
  2256 | D        | Noticed a blink frog
  2256 | D        | Noticed a blink frog
  2257 | D        | Killed a blink frog
  2261 | D        | Killed a blink frog
  2264 | D        | Killed a blink frog
  2280 | D        | Killed a blink frog
  2284 | D        | Killed a blink frog
  2554 | D        | Noticed Rupert
  2556 | D        | Killed Rupert
  2556 | D        | Reached skill level 10 in Short Blades
  2556 | D        | Reached skill level 19 in Stealth
  2556 | D        | Reached skill level 10 in Transmutations
  2556 | D        | Reached XP level 12. HP: 51/51 MP: 23/28
  2643 | D        | Noticed a death yak
  2645 | D        | Noticed a death yak
  2646 | D        | Noticed a blink frog
  2653 | D        | Noticed a death yak
  2659 | D        | Killed a death yak
  2659 | D        | Reached skill level 15 in Spellcasting
  2660 | D        | Noticed a blink frog
  2661 | D        | Noticed a death yak
  2673 | D        | Killed a blink frog
  2923 | D        | Noticed a black mamba
  2925 | D        | Killed a black mamba
  2926 | D        | Noticed a black mamba
  2926 | D        | Noticed a blink frog
  2939 | D        | Killed a blink frog
  3158 | D        | Killed a blink frog
  3165 | D        | Killed a black mamba
  3167 | D        | Killed a death yak
  3762 | D        | Killed a death yak
  3768 | D        | Killed a death yak
  3855 | D        | Noticed an azure jelly
  3855 | D        | Noticed an azure jelly
  3868 | D        | Noticed a snapping turtle
  3869 | D        | Noticed a kraken
  3927 | D        | Killed a snapping turtle
  4068 | D        | Killed a snapping turtle
  4285 | D        | Noticed a snapping turtle
  4291 | D        | Noticed a snapping turtle
  4304 | D        | Noticed an alligator snapping turtle
  4595 | D        | Noticed an alligator snapping turtle
  4613 | D        | Killed an alligator snapping turtle
  4619 | D        | Killed a snapping turtle
  4822 | D        | Killed a snapping turtle
  4882 | D        | Killed an alligator snapping turtle
  4882 | D        | Reached skill level 20 in Stealth
  4952 | D        | Killed a kraken
  5200 | D        | Found Periaz's Jewellery Shop.
  5200 | D        | Found Haepta's Distillery.
  5200 | D        | Found Qizi's Antique Armour Shoppe.
  5209 | D        | Got a barnacled rune of Zot
  5270 | D        | Noticed an azure jelly
  5270 | D        | Noticed an azure jelly
  5271 | D        | Noticed an elephant
  5271 | D        | Noticed an elephant
  5271 | D        | Noticed a dire elephant
  5271 | D        | Noticed a dire elephant
  5271 | D        | Noticed Gastronok
  5273 | D        | Killed Gastronok
  5274 | D        | Killed a dire elephant
  5525 | D        | Killed a dire elephant
  5536 | D        | Killed an elephant
  5559 | D        | Killed an elephant
  5559 | D        | Reached XP level 13. HP: 55/55 MP: 11/31
  5748 | D        | Noticed an electric eel
  5749 | D        | Noticed a five-headed hydra
  5749 | D        | Noticed a five-headed hydra
  5752 | D        | Killed a five-headed hydra
  5754 | D        | Killed a five-headed hydra
  5754 | D        | Reached skill level 21 in Stealth
  5756 | D        | Killed an electric eel
  5841 | D        | Noticed a death drake
  5844 | D        | Killed a death drake
  5851 | D        | Found a blossoming altar of Fedhas.
  5851 | D        | Noticed a spriggan
  5851 | D        | Noticed a spriggan druid
  5851 | D        | Noticed a spriggan
  5853 | D        | Killed a spriggan
  5854 | D        | Killed a spriggan druid
  5855 | D        | Killed a spriggan
  5888 | D        | Noticed a black mamba
  5888 | D        | Noticed a water moccasin
  5888 | D        | Noticed an anaconda
  5888 | D        | Noticed a water moccasin
  5888 | D        | Noticed a water moccasin
  5888 | D        | Noticed an anaconda
  5893 | D        | Noticed a black mamba
  5893 | D        | Killed a black mamba
  5903 | D        | Killed an anaconda
  5911 | D        | Killed an anaconda
  5912 | D        | Killed a water moccasin
  5914 | D        | Killed a black mamba
  5918 | D        | Killed a water moccasin
  6059 | D        | Noticed a black mamba
  6061 | D        | Noticed an anaconda
  6061 | D        | Noticed a black mamba
  6062 | D        | Killed a black mamba
  6064 | D        | Killed a black mamba
  6067 | D        | Noticed a black mamba
  6069 | D        | Killed a water moccasin
  6072 | D        | Noticed a black mamba
  6072 | D        | Killed a black mamba
  6075 | D        | Killed an anaconda
  6077 | D        | Killed a black mamba
  6122 | D        | Noticed a water moccasin
  6127 | D        | Killed a water moccasin
  6207 | D        | Noticed a water moccasin
  6209 | D        | Noticed a black mamba
  6209 | D        | Noticed a black mamba
  6210 | D        | Killed a water moccasin
  6213 | D        | Killed a black mamba
  6214 | D        | Killed a black mamba
  6430 | D        | Noticed an anaconda
  6432 | D        | Noticed a black mamba
  6433 | D        | Killed an anaconda
  6435 | D        | Killed a black mamba
  6497 | D        | Noticed a naga
  6497 | D        | Noticed a naga
  6498 | D        | Noticed a naga warrior
  6498 | D        | Noticed a greater naga
  6501 | D        | Killed a naga
  6504 | D        | Found Byat's Distillery.
  6504 | D        | Found Hulibex's Gadget Shoppe.
  6509 | D        | Killed a naga
  6548 | D        | Killed a naga warrior
  6548 | D        | Reached skill level 22 in Stealth
  6772 | D        | Killed a greater naga
  7138 | D        | Found Fusufuno's Antique Armour Boutique.
  7151 | D        | Noticed a guardian serpent
  7153 | D        | Killed a guardian serpent
  7156 | D        | Got a serpentine rune of Zot
  7285 | D        | Noticed an orc wizard
  7286 | D        | Noticed an orc priest
  7286 | D        | Noticed an orc warrior
  7286 | D        | Noticed an orc priest
  7286 | D        | Noticed an orc warrior
  7286 | D        | Found Ythoen's Antique Weapon Shoppe.
  7287 | D        | Killed an orc wizard
  7312 | D        | Killed an orc priest
  7321 | D        | Killed an orc warrior
  7327 | D        | Killed an orc priest
  7340 | D        | Killed an orc warrior
  7554 | D        | Noticed a deep elf priest
  7554 | D        | Noticed a deep elf priest
  7554 | D        | Noticed a deep elf priest
  7554 | D        | Noticed a deep elf summoner
  7554 | D        | Noticed a deep elf summoner
  7568 | D        | Killed a deep elf summoner
  7581 | D        | Killed a deep elf priest
  7585 | D        | Killed a deep elf priest
  7591 | D        | Killed a deep elf summoner
  7600 | D        | Killed a deep elf priest
  7600 | D        | Reached skill level 1 in Unarmed Combat
  7785 | D        | Noticed an obsidian statue
  7789 | D        | Noticed a spriggan defender
  7790 | D        | Noticed a spriggan defender
  7790 | D        | Noticed a spriggan defender
  7790 | D        | Noticed a spriggan defender
  7791 | D        | Killed a spriggan defender
  7792 | D        | Killed a spriggan defender
  7797 | D        | Killed a spriggan defender
  7800 | D        | Killed a spriggan defender
  7878 | D        | Noticed a slime creature
  7884 | D        | Killed a slime creature
  7885 | D        | Noticed a redback
  7889 | D        | Killed a redback
  7949 | D        | Noticed a centaur warrior
  7952 | D        | Killed a centaur warrior
  7964 | D        | Noticed a slime creature
  7967 | D        | Killed a slime creature
  7977 | D        | Noticed a fire dragon
  7980 | D        | Killed a fire dragon
  7980 | D        | Reached skill level 10 in Earth Magic
  7991 | D        | Noticed a centaur warrior
  8001 | D        | Killed a centaur warrior
  8057 | D        | Noticed a scimitar of slicing
  8057 | D        | Noticed a long sword of slicing
  8058 | D        | Noticed a flail of crushing
  8059 | D        | Noticed a glaive of protection
  8060 | D        | Killed a flail of crushing
  8062 | D        | Killed a scimitar of slicing
  8064 | D        | Killed a glaive of protection
  8212 | D        | Killed a long sword of slicing
  8212 | D        | Reached skill level 23 in Stealth
  8212 | D        | Reached XP level 14. HP: 35/59 MP: 23/33
  8466 | D        | Noticed a yaktaur captain
  8466 | D        | Noticed a green ugly thing
  8467 | D        | Noticed a torpor snail
  8468 | D        | Killed a green ugly thing
  8469 | D        | Noticed a lindwurm
  8470 | D        | Killed a torpor snail
  8471 | D        | Killed a lindwurm
  8588 | D        | Killed a yaktaur captain
  8644 | D        | Noticed a slime creature
  8645 | D        | Noticed Chuck
  8646 | D        | Killed a slime creature
  8647 | D        | Killed Chuck
  8661 | D        | Noticed a lindwurm
  8661 | D        | Noticed Frederick
  8663 | D        | Killed a lindwurm
  8665 | D        | Killed Frederick
  8665 | D        | Reached skill level 10 in Ice Magic
  8697 | D        | Noticed a mana viper
  8699 | D        | Killed a mana viper
  8704 | D        | Noticed a snapping turtle
  8705 | D        | Noticed a lich
  8711 | D        | a snapping turtle changed into an anubis guard
  8733 | D        | Killed a lich
  8738 | D        | Noticed a slime creature
  8740 | D        | Killed a slime creature
  8741 | D        | Noticed a slime creature
  8741 | D        | Noticed a purple ugly thing
  8741 | D        | Noticed a slime creature
  8743 | D        | Killed a slime creature
  8746 | D        | Killed a purple ugly thing
  8747 | D        | Noticed a shadow dragon
  8747 | D        | Noticed an ogre mage
  8747 | D        | Noticed a shadow dragon
  8748 | D        | Killed a slime creature
  8751 | D        | Killed a shadow dragon
  8751 | D        | Reached skill level 24 in Stealth
  8752 | D        | Killed an ogre mage
  8754 | D        | Killed a shadow dragon
  8775 | D        | Noticed an obsidian statue
  8860 | D        | Noticed a guardian mummy
  8862 | D        | Killed a guardian mummy
  8922 | D        | Noticed a guardian mummy
  8924 | D        | Killed a guardian mummy
  8924 | D        | Reached skill level 5 in Unarmed Combat
  9199 | D        | Noticed a necromancer
  9201 | D        | Killed a necromancer
  9209 | D        | Noticed a necromancer
  9211 | D        | Killed a necromancer
  9220 | D        | Noticed a skeletal warrior
  9222 | D        | Killed a skeletal warrior
  9230 | D        | Noticed a vampire knight
  9238 | D        | Killed a vampire knight
  9445 | D        | Noticed a guardian mummy
  9447 | D        | Killed a guardian mummy
  9453 | D        | Noticed a necromancer
  9455 | D        | Killed a necromancer
  9455 | D        | Reached skill level 15 in Hexes
  9465 | D        | Noticed a necromancer
  9467 | D        | Killed a necromancer
  9474 | D        | Noticed a vampire knight
  9485 | D        | Killed a vampire knight
  9777 | D        | Noticed a vampire knight
  9784 | D        | Killed a vampire knight
  9805 | D        | Noticed a vampire knight
  9809 | D        | Killed a vampire knight
  9826 | D        | Noticed a necromancer
  9828 | D        | Killed a necromancer
  9835 | D        | Noticed a skeletal warrior
  9840 | D        | Killed a skeletal warrior
  9843 | D        | Noticed a mummy priest
  9843 | D        | Noticed a guardian mummy
  9844 | D        | Noticed a sphinx
  9844 | D        | Noticed a sphinx
  9845 | D        | Killed a mummy priest
  9846 | D        | Killed a guardian mummy
  9848 | D        | Killed a sphinx
  9848 | D        | Reached skill level 25 in Stealth
  9848 | D        | Reached skill level 15 in Transmutations
  9849 | D        | Killed a sphinx
  9849 | D        | Reached skill level 10 in Conjurations
  9849 | D        | Reached XP level 15. HP: 63/63 MP: 31/36
  9966 | D        | Noticed a mummy priest
  9967 | D        | Noticed a guardian mummy
  9967 | D        | Noticed a guardian mummy
  9968 | D        | Killed a mummy priest
 10289 | D        | Noticed a guardian mummy
 10289 | D        | Noticed a guardian mummy
 10290 | D        | Killed a guardian mummy
 10291 | D        | Killed a guardian mummy
 10294 | D        | Killed a guardian mummy
 10295 | D        | Killed a guardian mummy
 10348 | D        | Noticed a guardian mummy
 10349 | D        | Noticed a mummy priest
 10350 | D        | Killed a guardian mummy
 10430 | D        | Noticed a guardian mummy
 10431 | D        | Killed a mummy priest
 10497 | D        | Noticed a mummy priest
 10498 | D        | Killed a guardian mummy
 10499 | D        | Noticed a mummy priest
 10500 | D        | Killed a mummy priest
 10502 | D        | Killed a mummy priest
 10651 | D        | Noticed a guardian mummy
 10652 | D        | Noticed a guardian mummy
 10652 | D        | Noticed a guardian mummy
 10652 | D        | Noticed a mummy priest
 10652 | D        | Noticed a guardian mummy
 10652 | D        | Noticed a guardian mummy
 10652 | D        | Noticed a mummy priest
 10652 | D        | Noticed a greater mummy
 10652 | D        | Noticed a guardian mummy
 10652 | D        | Noticed a guardian mummy
 10652 | D        | Noticed a mummy priest
 10652 | D        | Noticed a greater mummy
 10652 | D        | Noticed a guardian mummy
 10652 | D        | Noticed a guardian mummy
 10652 | D        | Noticed a mummy priest
 10653 | D        | Killed a guardian mummy
 10654 | D        | Killed a guardian mummy
 10655 | D        | Killed a guardian mummy
 10657 | D        | Killed a greater mummy
 10658 | D        | Killed a greater mummy
 10658 | D        | Reached skill level 26 in Stealth
 10660 | D        | Killed a mummy priest
 10663 | D        | Killed a guardian mummy
 10663 | D        | Killed a mummy priest
 10664 | D        | Killed a guardian mummy
 10664 | D        | Killed a mummy priest
 10664 | D        | Killed a mummy priest
 10664 | D        | Killed a guardian mummy
 10670 | D        | Killed a guardian mummy
 10674 | D        | Slain by a reaper

Vault maps used:
D:        dungeon_sprint_mu

Action                   |  1- 3 |  4- 6 |  7- 9 | 10-12 | 13-15 || total
-------------------------+-------+-------+-------+-------+-------++-------
Melee: Dagger            |     7 |    21 |    58 |   140 |   130 ||   356
       Unarmed           |       |       |       |    49 |    52 ||   101
       Rapier            |       |       |       |       |    89 ||    89
Throw: Throwing net      |       |       |       |       |     6 ||     6
 Cast: Ensorcelled Hiber |     3 |     3 |    41 |    39 |    35 ||   121
       Dazzling Spray    |       |     2 |     3 |    58 |    44 ||   107
       Confuse           |       |     1 |       |    18 |    18 ||    37
       Stoneskin         |       |       |     1 |     1 |     3 ||     5
       Irradiate         |       |       |       |     1 |     5 ||     6
       Dragon Form       |       |       |       |     3 |     2 ||     5
       Hydra Form        |       |       |       |     2 |       ||     2
Invok: Shadow Step       |       |       |     1 |     7 |    25 ||    33
 Abil: End Transformatio |       |       |       |     1 |       ||     1
  Use: Scroll            |     3 |       |       |     1 |     4 ||     8
       Potion            |     3 |       |     1 |     1 |     4 ||     9
 Stab: Sleeping          |     5 |     4 |    38 |    33 |    82 ||   162
       Invisible         |       |     1 |       |    11 |    10 ||    22
       Confused          |       |       |       |    22 |     7 ||    29
       Held in net/web   |       |       |       |       |     5 ||     5
  Eat: Bread ration      |       |       |       |     1 |     1 ||     2
       Royal jelly       |       |       |       |       |     2 ||     2
       Fruit             |       |       |       |       |     6 ||     6
